 Seeded DCSS version 0.31-a0-217-g58bb5d79cf (webtiles) character file.

Game seed: 6611737155215251540 (custom seed)

18218 innerfire43 the Blocker (level 12, -2/98 HPs)
             Began as a Demonspawn Monk on July 1, 2023.
             Was the Champion of Nemelex Xobeh.
             Slain by a harpy zombie (5 damage)
             ... on level 12 of the Dungeon on July 2, 2023.
             The game lasted 00:17:16 (11278 turns).

innerfire43 the Blocker (Demonspawn Monk)          Turns: 11278, Time: 00:17:17

Health: -2/98      AC: 17    Str: 16    XL:     12   Next: 25%
Magic:  12/12      EV: 11    Int: 11    God:    Nemelex Xobeh [******]
Gold:   933        SH: 25    Dex: 20    Spells: 11/11 levels left

rFire   + . .        N - +7 Throatcutter {drain, coup de grace}
rCold   + . .        t - +1 tower shield
rNeg    . . .        H - +2 leather armour "Vueronat" {rPois rC+ Dex+3}
rPois   +            (helmet restricted)
rElec   .            v - +1 cloak
rCorr   .            (no gloves)
SInv    +            m - +0 pair of boots
Will    .....        g - amulet of reflection
Stlth   +            p - ring of see invisible
HPRegen 0.36/turn    S - ring of protection from fire
MPRegen 0.13/turn

%: reflection
@: elixired, sanguine armoured
A: horns 2, demonic guardian 2, sanguine armour 2, bedeviling
a: Renounce Religion, Draw Escape, Draw Destruction, Draw Summoning, Triple
Draw, Deal Four, Stack Five


You were on level 12 of the Dungeon.
You worshipped Nemelex Xobeh.
Nemelex Xobeh was exalted by your worship.
You visited 1 branch of the dungeon, and saw 12 of its levels.

You collected 933 gold pieces.

Inventory:

Hand Weapons
 a - a +0 falchion of venom
 u - a +2 quarterstaff of chaos
 M - a +6 heavy flail
 N - the +7 Throatcutter (weapon) {drain, coup de grace}
   (You found it on level 6 of the Dungeon)
Missiles
 R - 3 curare-tipped darts
Armour
 b - a +0 robe
 d - an orb of light
 h - a +2 robe of fire resistance
 m - a +0 pair of boots (worn)
 t - a +1 tower shield (worn)
 v - a +1 cloak (worn)
 H - the +2 leather armour "Vueronat" (worn) {rPois rC+ Dex+3}
   (You found it on level 5 of the Dungeon)

   Dex:       It affects your dexterity (+3).
   rC:        It protects you from cold.
   rPois:     It protects you from poison.
Jewellery
 c - a ring of wizardry
 g - an amulet of reflection (around neck)
 p - a ring of see invisible (left hand)
 B - an amulet of magic regeneration
 G - a ring of ice
 J - a ring of ice
 K - an amulet of guardian spirit
 O - a ring of resist corrosion
 S - a ring of protection from fire (right hand)
 W - a ring of ice
Wands
 q - a wand of flame (30)
 w - a wand of roots (14)
 E - a wand of charming (6)
 U - a wand of mindburst (3)
Scrolls
 e - 3 scrolls of vulnerability
 f - a scroll of revelation
 x - 8 scrolls of teleportation
 y - 4 scrolls of noise
 D - a scroll of immolation
 I - a scroll of enchant weapon
 L - a scroll of poison
 P - a scroll of silence
 V - a scroll of blinking {unknown}
Potions
 i - 2 potions of heal wounds {unknown}
 j - 2 potions of mutation
 k - 3 potions of brilliance
 l - 2 potions of might
 o - 2 potions of berserk rage
 s - a potion of degeneration {unknown}
 z - 2 potions of lignification
 A - 3 potions of attraction
 C - a potion of cancellation {unknown}
 F - 3 potions of magic {unknown}
 Q - a potion of invisibility {unknown}


   Skills:
 + Level 10.3 Fighting
 * Level 11.2 Long Blades
 - Level 3.5 Dodging
 * Level 12.2 Shields


You had 11 spell levels left.
You didn't know any spells.
Your spell library contained the following spells:

 Spells                   Type           Power      Damage    Failure   Level
 Sting                    Tmut/Pois      0%         1d3       89%         1
 Cigotuvi's Dreadful Rot  Necr/Pois/Air  0%         N/A       96%         2
 Poisonous Vapours        Pois/Air       0%         N/A       96%         2
 Tukima's Dance           Hex            0%         N/A       99%         3
 Dispel Undead            Necr           0%         3d6       100%        4
 Manifold Assault         Tloc           0%         N/A       100%        4
 Olgreb's Toxic Radiance  Pois           0%         N/A       100%        4
 Passage of Golubria      Tloc           0%         N/A       100%        4
 Yara's Violent Unravell  Hex/Tmut       0%         3d3       100%        5
 Death Channel            Necr           0%         N/A       100%        6
 Dispersal                Tloc           0%         N/A       100%        6
 Disjunction              Tloc           0%         N/A       100%        8


Dungeon Overview and Level Annotations

Branches:
Dungeon (12/15)            Temple (0/1) D:7            Lair (0/5) D:10
    Orc: D:9-12

Altars:
Nemelex Xobeh
Trog
Uskayaw

Annotations:
D:8 2 transporters, holysushi's ghost, novice FoMo
D:12 Buoruf's ghost, journeyman MfIE


Innate Abilities, Weirdness & Mutations

You have a pair of horns on your head.
A demonic guardian rushes to your aid.
When seriously injured, your blood forms thick armour. (AC +9)
Your hexes are more powerful.


Message History

The spectral centaur warrior barely misses your ice beast.
The harpy zombie claws you.
* * * LOW HITPOINT WARNING * * *
You block the harpy zombie's attack.
The hornet zombie barely misses your ice beast.
You block the wolf spider simulacrum's attack.
The wolf spider simulacrum bites you but does no damage.
The centaur warrior simulacrum hits you but does no damage.
You block the centaur warrior simulacrum's attack.
The wolf spider zombie hits you!
* * * LOW HITPOINT WARNING * * *
You block the wolf spider zombie's attack.
Your ice beast closely misses Buoruf's ghost.
The spectral centaur warrior barely misses your ice beast.
The spectral centaur warrior kicks your ice beast but does no damage.
Buoruf's ghost freezes you.
You are frozen!
You resist.
* * * LOW HITPOINT WARNING * * *
Your orange demon barely misses the harpy zombie. x2
You draw a card...
You have drawn the Tomb.
Nothing appears to happen.
The harpy zombie closely misses you. You block the harpy zombie's attack. x2
The harpy zombie claws you but does no damage.
The hornet zombie barely misses your ice beast.
You block the wolf spider simulacrum's attack.
The wolf spider simulacrum bites you but does no damage.
The centaur warrior simulacrum hits you.
* * * LOW HITPOINT WARNING * * *
The centaur warrior simulacrum freezes you.
You resist.
* * * LOW HITPOINT WARNING * * *
You block the centaur warrior simulacrum's attack.
The wolf spider zombie hits you but does no damage.
The wolf spider zombie bites you.
* * * LOW HITPOINT WARNING * * *
The spectral centaur warrior hits your ice beast!
The spectral centaur warrior misses your ice beast.
Your ice beast hits the spectral centaur warrior but does no damage.
The harpy zombie claws you.
You die...
Your body glows with a rainbow of weird colours and disappears.

.... #.... ..... ###
.... ###.###..###..
###Z..#.........
#4@ZZ.....###...
#ZZWY...##.#....
###ZZZ###...[...#
#..Z....#...#.###
##.....##..##.##
#.......#......#
####.(!?.##.....##
##.#.[#.#$.#......#
##..#########......##


You could see a spectral hornet, a spectral redback, a spectral centaur warrior
(distracted, ally target), Buoruf's ghost, 2 wolf spider simulacra, a centaur
warrior simulacrum, a harpy zombie (ally target), a hornet zombie, a wolf spider
zombie, a friendly orange demon (summoned) and a friendly ice beast (summoned,
drained).

Vanquished Creatures
  Erica (D:8)
  A boulder beetle (D:11)
  A two-headed ogre (D:11)
  Urug (D:10)
  Lodul (D:11)
  Pikel (D:4)
  3 manticores
  An ugly thing (D:11)
  3 kobold demonologists
  2 trolls
  Sigmund (D:3)
  A shadow (D:10)
  18 yaks
  Eustachio (D:4)
  2 steam dragons (D:7)
  A vampire mosquito (D:12)
  A basilisk (D:11)
  An acid dragon (D:9)
  A water moccasin (D:10)
  4 orc warriors
  A sky beast (D:7)
  A black bear (D:6)
  8 ogres
  3 centaurs
  A lemure (D:4)
  7 kobold brigands
  A bullfrog (D:8)
  4 scorpions
  Dowan (D:6)
  4 killer bees
  4 howler monkeys
  An orc priest (D:7)
  A gnoll bouda (D:9)
  Crazy Yiuf (D:2)
  4 hounds
  4 jellies
  Ijyb (D:3)
  4 iguanas
  4 sleepcaps
  8 orc wizards
  14 gnolls
  3 adders
  3 river rats (D:5)
  A shadow imp (D:8)
  A white imp (D:6)
  An ufetubus (D:6)
  3 worms (D:2)
  A dart slug (D:3)
  18 orcs
  3 ball pythons
  3 endoplasms
  3 giant cockroaches
  4 goblins
  6 hobgoblins
  A jackal (D:4)
  2 quokkas
  5 bats
  A frilled lizard (D:3)
  20 kobolds
  6 rats
208 creatures vanquished.

Vanquished Creatures (collateral kills)
  The ghost of superbruh the Warrior, a journeyman MiFi of Gozag (D:10)
  Fannar (D:12)
  Prince Ribbit (D:6)
  Grinder (D:4)
  A shadow (D:10)
  4 yaks
  3 wyverns (D:10)
  A basilisk (D:10)
  3 vampire mosquitoes (D:12)
  Edmund (D:6)
  2 water moccasins (D:10)
  A sky beast (D:6)
  A black bear (D:6)
  An ogre (D:6)
  A lemure (D:4)
  A phantom (D:5)
  5 kobold brigands
  A gnoll sergeant (D:8)
  A scorpion (D:5)
  8 killer bees
  A hound (D:6)
  A jelly (D:6)
  An orc priest (D:8)
  A gnoll bouda (D:5)
  5 gnolls
  2 adders
  A worm (D:6)
  A jackal (D:4)
  A frilled lizard (D:6)
53 creatures vanquished.

Vanquished Creatures (others)
  A kobold brigand (D:12)
1 creature vanquished.

Grand Total: 262 creatures vanquished

Notes
Turn   | Place    | Note
-------+----------+-------------------------------------------
     0 | D:1      | innerfire43 the Demonspawn Monk began the quest for the
                  | Orb.
     0 | D:1      | Reached XP level 1. HP: 18/18 MP: 1/1
     0 | D:1      | Upgraded the game from 0.31-a0-214-gb37851dbb3 to
                  | 0.31-a0-217-g58bb5d79cf
   283 | D:1      | Gained mutation: You have a pair of small horns on your
                  | head. [demonic ancestry]
   283 | D:1      | Reached XP level 2. HP: 24/24 MP: 2/2
   802 | D:2      | Reached XP level 3. HP: 29/29 MP: 3/3
  1100 | D:2      | Gained mutation: When seriously injured, your blood forms
                  | armour. (AC +9) [demonic ancestry]
  1100 | D:2      | Reached XP level 4. HP: 26/37 MP: 4/4
  1257 | D:2      | Found a runed translucent door.
  1258 | D:2      | Noticed Crazy Yiuf
  1267 | D:2      | Killed Crazy Yiuf
  1921 | D:3      | Noticed Ijyb
  1934 | D:3      | Killed Ijyb
  1935 | D:3      | Gained mutation: A weak demonic guardian rushes to your
                  | aid. [demonic ancestry]
  1935 | D:3      | Reached XP level 5. HP: 21/42 MP: 5/5
  2077 | D:3      | Noticed Sigmund
  2083 | D:3      | Killed Sigmund
  2084 | D:3      | Reached skill level 2 in Shields
  2084 | D:3      | Gained mutation: A demonic guardian rushes to your aid.
                  | [demonic ancestry]
  2084 | D:3      | Reached XP level 6. HP: 35/49 MP: 6/6
  2149 | D:3      | Found a faded altar of an unknown god.
  2433 | D:3      | Prayed at the altar of an unknown god.
  2433 | D:3      | Became a worshipper of Nemelex Xobeh the Trickster
  2433 | D:3      | Reached * piety under Nemelex Xobeh
  2433 | D:3      | Received a gift from Nemelex Xobeh
  2433 | D:3      | Reached ** piety under Nemelex Xobeh
  2433 | D:3      | Received a gift from Nemelex Xobeh
  2925 | D:4      | Received a gift from Nemelex Xobeh
  2927 | D:4      | Reached *** piety under Nemelex Xobeh
  2935 | D:4      | Noticed Pikel
  2951 | D:4      | Killed Pikel
  2952 | D:4      | Reached skill level 5 in Fighting
  2952 | D:4      | Reached skill level 4 in Shields
  2952 | D:4      | Gained mutation: You have a pair of horns on your head.
                  | [demonic ancestry]
  2952 | D:4      | Reached XP level 7. HP: 26/56 MP: 7/7
  2973 | D:4      | Noticed Grinder
  2981 | D:4      | Paralysed by Grinder for 3 turns
  2985 | D:4      | Paralysed by Grinder for 2 turns
  2990 | D:4      | Paralysed by Grinder for 5 turns
  3005 | D:4      | Killed Grinder
  3006 | D:4      | Reached skill level 5 in Long Blades
  3207 | D:4      | Noticed Eustachio
  3230 | D:4      | Killed Eustachio
  3231 | D:4      | Reached skill level 5 in Shields
  3231 | D:4      | Gained mutation: When seriously injured, your blood forms
                  | thick armour. (AC +9) [demonic ancestry]
  3231 | D:4      | Reached XP level 8. HP: 49/64 MP: 8/8
  3483 | D:4      | Found a glowing drain.
  3922 | D:5      | Entered Level 5 of the Dungeon
  4027 | D:5      | Reached skill level 6 in Shields
  4306 | D:5      | Received a gift from Nemelex Xobeh
  4338 | D:5      | Identified the +2 leather armour "Vueronat" {rPois rC+
                  | Dex+3}
  4610 | D:5      | Found a bloodstained altar of Trog.
  4717 | D:5      | Reached XP level 9. HP: 71/71 MP: 9/9
  5111 | D:6      | Reached **** piety under Nemelex Xobeh
  5141 | D:6      | Noticed Duvessa
  5141 | D:6      | Noticed Dowan
  5147 | D:6      | Duvessa changed into Duvessa the worm
  5147 | D:6      | Noticed Duvessa
  5152 | D:6      | Reached skill level 7 in Shields
  5153 | D:6      | Killed Duvessa the worm
  5162 | D:6      | Killed Dowan
  5307 | D:6      | Found a sparkling altar of Nemelex Xobeh.
  5328 | D:6      | Noticed Edmund
  5336 | D:6      | Killed Edmund
  5460 | D:6      | Reached skill level 8 in Shields
  5569 | D:6      | Noticed Prince Ribbit
  5581 | D:6      | Killed Prince Ribbit
  5694 | D:6      | Found the +7 Throatcutter {drain, coup de grace}
  5850 | D:6      | Found a hide-covered altar of Uskayaw.
  5970 | D:7      | Reached XP level 10. HP: 77/80 MP: 10/10
  6021 | D:7      | Found a staircase to the Ecumenical Temple.
  6021 | D:7      | Received a gift from Nemelex Xobeh
  6077 | D:7      | Reached skill level 9 in Shields
  6469 | D:7      | Received a gift from Nemelex Xobeh
  6844 | D:8      | Reached ***** piety under Nemelex Xobeh
  6906 | D:8      | Found a bloodstained altar of Trog.
  6906 | D:8      | Noticed holysushi's ghost (novice FoMo)
  6917 | D:8      | Found a transporter.
  6925 | D:8      | Found a transporter.
  6928 | D:8      | Noticed a moth of wrath
  7024 | D:8      | Noticed Erica
  7054 | D:8      | Killed Erica
  7296 | D:8      | Received a gift from Nemelex Xobeh
  7886 | D:9      | Reached skill level 10 in Shields
  7988 | D:9      | Received a gift from Nemelex Xobeh
  8294 | D:9      | Noticed a manticore
  8302 | D:9      | Killed a manticore
  8303 | D:9      | Reached XP level 11. HP: 83/89 MP: 11/11
  8550 | D:10     | Entered Level 10 of the Dungeon
  8733 | D:10     | Found a staircase to the Lair.
  8759 | D:10     | Found a large runed translucent door.
  8763 | D:10     | Found a large runed translucent door.
  8763 | D:10     | Noticed superbruh's ghost (journeyman MiFi)
  8803 | D:10     | Noticed Urug
  8815 | D:10     | Killed Urug
  9052 | D:10     | Reached skill level 11 in Shields
  9246 | D:10     | Received a gift from Nemelex Xobeh
  9396 | D:10     | Reached skill level 10 in Long Blades
  9650 | D:10     | Killed superbruh's ghost
 10252 | D:11     | Received a gift from Nemelex Xobeh
 10361 | D:11     | Noticed Lodul
 10373 | D:11     | Killed Lodul
 10374 | D:11     | Reached skill level 10 in Fighting
 10531 | D:11     | Noticed a two-headed ogre
 10542 | D:11     | Killed a two-headed ogre
 10543 | D:11     | Gained mutation: Your hexes are more powerful. [demonic
                  | ancestry]
 10543 | D:11     | Reached XP level 12. HP: 65/97 MP: 12/12
 10873 | D:11     | Noticed a boulder beetle
 10900 | D:11     | Killed a boulder beetle
 10901 | D:11     | Reached skill level 12 in Shields
 11107 | D:12     | Reached ****** piety under Nemelex Xobeh
 11131 | D:12     | Noticed Fannar
 11137 | D:12     | Killed Fannar
 11262 | D:12     | Found a runed translucent gate.
 11262 | D:12     | Found a runed translucent gate.
 11262 | D:12     | Found a runed translucent gate.
 11262 | D:12     | Received a gift from Nemelex Xobeh
 11262 | D:12     | Noticed Buoruf's ghost (journeyman MfIE)
 11278 | D:12     | HP: 3/98 [wolf spider zombie (3)]
 11278 | D:12     | Slain by a harpy zombie

Illustrated notes

Levels and vault maps discovered:
D:1:      amcnicky_arrival_feature_with_door, layout_basic
D:2:      layout_basic, uniq_crazy_yiuf_cottage
D:3:      layout_basic, ebering_ecumenical_altar_petrified, minivault_25,
          uniq_sigmund, uniq_ijyb
D:4:      nicolae_cairo_tiling, layout_loops_ring, elyvilon_altar_5,
          portal_sewer_entry_a, uniq_grinder, uniq_eustachio, uniq_pikel
D:5:      wad_woods_settlement, layout_basic,
          mainiacjoe_overflow_surrounded_room, minmay_between
D:6:      layout_cave_pools, minitemple, minmay_fountain_box,
          dilly_guarded_unrand_throatcut, uniq_prince_ribbit1, uniq_duvessa,
          uniq_edmund
D:7:      layout_basic, minmay_temple_entry_hall, serial_curves, eino_curves_03,
          eino_curves_03
D:8:      layout_loops_ring, gammafunk_ghost_wrathful_warriors, uniq_erica
D:9:      layout_stronghold
D:10:     layout_roguey, minmay_lair_entry_grove, ebering_ghost_disaster_area,
          uniq_urug
D:11:     layout_roguey, uniq_lodul
D:12:     layout_cave_pools, erik_orc_4, gammafunk_ghost_necromancy,
          nicolae_alphabet_shops, uniq_josephine, uniq_fannar, uniq_kirke

Skill      XL: |  1  2  3  4  5  6  7  8  9 10 11 12 |
---------------+-------------------------------------+-----
Long Blades    | 3 4 5 6 7 9 10 11 | 11.2
Dodging        | 3 |  3.5
Fighting       | 4 5 6 7 9 10 | 10.3
Shields        | 2 4 5 6 8 10 11 12 | 12.2

Action                     |  1- 3 |  4- 6 |  7- 9 | 10-12 || total
---------------------------+-------+-------+-------+-------++-------
  Melee: Falchion          |    54 |    56 |   210 |       ||   320
         Headbutt          |     8 |     4 |    56 |    75 ||   143
         Long sword        |       |       |     1 |   356 ||   357
 Invoke: Draw Destruction  |       |     3 |     4 |     5 ||    12
         Draw Summoning    |       |     1 |     2 |     4 ||     7
         Draw Escape       |       |       |       |     2 ||     2
    Use: Scroll            |     3 |     3 |       |    15 ||    21
         Potion            |       |     3 |       |     6 ||     9
   Stab: Sleeping          |       |     2 |     3 |       ||     5
 Armour: Robe              |     9 |    29 |    52 |       ||    90
         Leather armour    |       |       |    12 |    89 ||   101
  Dodge: Dodged            |    31 |    26 |    77 |   111 ||   245
  Block: Orb               |     5 |     2 |       |       ||     7
         Tower shield      |       |    57 |   267 |   462 ||   786
         Reflection        |       |       |    14 |    10 ||    24

Table legend: (Time is in decaauts)
 A = Elapsed time spent in this place.
 B = Non-inter-level travel time spent in this place.
 C = Inter-level travel time spent in this place.
 D = Time resting spent in this place.
 E = Time spent auto-exploring this place.
 F = Levels seen in this place.
 G = Mean time per level.
                   A        B        C        D        E       F      G
               +--------+--------+--------+--------+--------+-----+--------+
         Total |  11452 |  10876 |    576 |      0 |   9084 |  12 |  954.3 |
       Dungeon |  11452 |  10876 |    576 |      0 |   9084 |  12 |  954.3 |
               +--------+--------+--------+--------+--------+-----+--------+

Top non-repeatable levels by time:
    D:10: 1350 daAuts
     D:3: 1242 daAuts
    D:11: 1234 daAuts
     D:5: 1231 daAuts
     D:2: 1071 daAuts
     D:4: 1029 daAuts
     D:9: 973 daAuts
     D:7: 920 daAuts
     D:6: 840 daAuts
     D:8: 755 daAuts
     D:1: 632 daAuts
    D:12: 172 daAuts
